 Dungeon Crawl Stone Soup version 0.19-a0-19-gf75ed07 (webtiles) character file.

723 epen the Vexing (level 7, -3/51 HPs)
             Began as a Vampire Enchanter on Apr 30, 2016.
             Killed from afar by an orc wizard (9 damage)
             ... with a magic dart
             ... on level 5 of the Dungeon.
             The game lasted 00:14:00 (4857 turns).

epen the Vexing (Vampire Enchanter)                 Turns: 4857, Time: 00:14:01

Health: -3/51      AC:  0    Str:  7    XL:     7   Next: 43%
Magic:  2/11       EV: 25    Int: 17    God:
Gold:   172        SH:  0    Dex: 22    Spells: 4 memorised, 3 levels left

rFire  . . .     SeeInvis +     (weapon currently unavailable)
rCold  + + .     Gourm    .     (armour currently unavailable)
rNeg   + + +     Faith    .     (shield currently unavailable)
rPois  ∞         Spirit   .     (helmet currently unavailable)
rElec  .         Dismiss  .     (cloak currently unavailable)
rCorr  .         Reflect  .     (gloves currently unavailable)
SustAt .         Harm     .     (boots currently unavailable)
MR     .....                    (no amulet)
Stlth  ++++......               (ring currently unavailable)
                                (ring currently unavailable)

@: bat-form, flying, bloodless, non-regenerating, slowed, quick, not resistant
to hostile enchantments, stealthy
A: fangs 3, see invisible, (unbreathing)
a: End Transformation


You were on level 5 of the Dungeon.
You were bloodless.
You were in vampire-bat-form.
You visited 1 branch of the dungeon, and saw 5 of its levels.

You collected 172 gold pieces.

Inventory:

Hand Weapons
 a - a +2 dagger
 q - a +2 vampiric dagger (melded)
Armour
 b - a +1 robe (melded)
 m - a +0 cloak (melded)
 r - a +0 pair of gloves (melded)
Jewellery
 i - a ring of magical power (melded)
 l - a +2 ring of intelligence (melded)
Wands
 w - a wand of digging (16/24)
Scrolls
 o - a scroll of magic mapping {unknown}
 s - 3 scrolls of identify
 t - 2 scrolls of teleportation
 u - 2 scrolls of recharging {unknown}
 v - a scroll of fear {unknown}
 x - a scroll of amnesia
 y - a scroll of remove curse
 z - a scroll of vulnerability {unknown}
Potions
 d - 10 potions of blood
 e - a potion of curing {unknown}
 f - a potion of might {unknown}
 g - 2 potions of agility
 h - a potion of ambrosia {unknown}
 j - a potion of resistance {unknown}
 k - a potion of magic {unknown}
 n - a potion of brilliance {unknown}
 p - a potion of flight
Books
 c - a book of Maledictions

   Spells                             Type                      Level
   a - Corona                         Hexes                        1
   b - Ensorcelled Hibernation        Hexes/Ice                    2
   c - Confuse                        Hexes                        3
   d - Tukima's Dance                 Hexes                        3
   e - Dazzling Spray                 Conjuration/Hexes            3


   Skills:
 + Level 2.5 Fighting
 * Level 4.2 Short Blades
 * Level 4.9 Dodging
 + Level 6.2 Stealth
 + Level 3.0 Spellcasting
 + Level 6.4 Hexes


You had 3 spell levels left.
You knew the following spells:

 Your Spells              Type           Power        Failure   Level  Hunger
a - Corona                Hex            ###....      1%          1    None
b - Ensorcelled Hibernat  Hex/Ice        ##....       10%         2    ##.....
c - Tukima's Dance        Hex            ###.....     4%          3    ###....
d - Confuse               Hex            ###.....     4%          3    ###....


Dungeon Overview and Level Annotations

Branches:
Dungeon (5/15)
 Temple: D:4-7

Altars:
Fedhas
Kikubaaqudgha
Okawaru
Pakellas
Xom


Innate Abilities, Weirdness & Mutations

You do not heal naturally.
You are immune to poison.
You have razor-sharp teeth.
You have supernaturally acute eyesight.
((You can survive without breathing.))


Message History

Your +2 ring of intelligence melds into your body.
Your ring of magical power melds into your body.
You feel your glee subside.
You feel stupid.
You feel your magic capacity decrease. The orc wizard casts a spell at you.
You easily resist.
The orc wizard points at you and mumbles some strange words.
You feel yourself slow down.
Items here: ) [ †† a hand axe; a leather armour; an orc corpse; a scorpion corpse The orc wizard gestures wildly while chanting.
The orc wizard blinks!
The orc shouts!
The orc wizard points at you and mumbles some strange words.
You feel as though you will be slow longer.
One of your 11 potions of blood rots away.
The orc wizard gestures at you while chanting.
The magic dart hits you!
You die...

.#.####.# ........#
.#.###..# #.#
#†.#######
#.###.....ooo# . ..
#.##...#####.# . ..
#.##...# .###. #.##o..#
o.... #b##..(# ....
..#####.##...# w..#####
........o....# .......#
.######.##.#.#
..o###.##.............#
#.## #..........o...###
#.####.#########.####
#.)§.....†wo..)..#
##################


You could see an orc wizard and an orc.

Vanquished Creatures
  A sky beast (D:4)
  2 scorpions
  A crimson imp (D:5)
  A centaur zombie (D:5)
  2 orc priests (D:4)
  2 hounds
  A giant frog skeleton (D:5)
  An iguana (D:5)
  Ijyb (D:2)
  2 worker ants
  A worker ant zombie (D:5)
  8 adders
  3 oozes
  An adder skeleton (D:4)
  2 worms
  A dart slug (D:1)
  4 giant geckos
  15 orcs
  7 bats
  8 giant cockroaches
  9 goblins
  7 hobgoblins
  9 jackals
  2 quokkas
  2 ball pythons
  A ball python skeleton (D:4)
  5 giant newts
  6 kobolds
  7 rats
112 creatures vanquished.

Vanquished Creatures (others)
  An orc (D:4)
1 creature vanquished.

Grand Total: 113 creatures vanquished

Notes
Turn   | Place    | Note
--------------------------------------------------------------
     0 | D:1      | epen the Vampire Enchanter began the quest for the Orb.
     0 | D:1      | Reached XP level 1. HP: 13/13 MP: 3/3
   312 | D:1      | Reached XP level 2. HP: 17/20 MP: 5/5
   320 | D:1      | Learned a level 2 spell: Ensorcelled Hibernation
   550 | D:1      | Reached XP level 3. HP: 24/25 MP: 6/6
   601 | D:1      | Reached skill level 1 in Fighting
  1974 | D:2      | Found a blossoming altar of Fedhas.
  1984 | D:2      | Reached XP level 4. HP: 32/32 MP: 7/7
  1996 | D:2      | Noticed Ijyb
  1997 | D:2      | Killed Ijyb
  1997 | D:2      | Reached skill level 5 in Stealth
  2084 | D:2      | Found an iron altar of Okawaru.
  2382 | D:3      | Reached XP level 5. HP: 37/37 MP: 8/8
  2586 | D:3      | Found an oddly glowing altar of Pakellas.
  2589 | D:3      | Reached skill level 5 in Hexes
  2950 | D:3      | Found a shimmering altar of Xom.
  3233 | D:2      | Learned a level 3 spell: Tukima's Dance
  3438 | D:4      | Noticed a sky beast
  3451 | D:4      | Killed a sky beast
  3451 | D:4      | Reached XP level 6. HP: 44/44 MP: 0/9
  3551 | D:4      | Found an ancient bone altar of Kikubaaqudgha.
  3818 | D:4      | Learned a level 3 spell: Confuse
  4566 | D:5      | Entered Level 5 of the Dungeon
  4606 | D:5      | Reached XP level 7. HP: 50/50 MP: 11/11
  4857 | D:5      | Killed from afar by an orc wizard

Vault maps used:
D:1:      minmay_arrival_checkered_box, minmay_quantized
D:2:      okawaru_metal_pillars_3, fedhas_altar_1, uniq_iyjb
D:3:      old_standard_altar, led_xom_imps
D:4:      kiku_gazebo_pond_becter, first_bread, kennysheep_generic_room_10
D:5:      grunt_dithmenos_shadows, minmay_temple_entry_mist

Skill      XL: |  1  2  3  4  5  6  7 |
---------------+----------------------+-----
Short Blades   | 2 3 4 |  4.2
Fighting       | 1 2 |  2.5
Dodging        | 3 4 |  4.9
Stealth        | 5 6 |  6.2
Hexes          | 5 6 |  6.4
Spellcasting   | 3 |  3.0

Action                   |  1- 3 |  4- 6 |  7- 9 || total
-------------------------+-------+-------+-------++-------
Melee: Dagger            |   120 |   245 |    54 ||   419
       Bite              |     7 |    20 |     3 ||    30
 Cast: Ensorcelled Hiber |    12 |    29 |     9 ||    50
       Corona            |     2 |     3 |       ||     5
       Confuse           |       |     1 |     5 ||     6
 Abil: Bat Form          |       |     1 |     1 ||     2
       End Transformatio |       |     1 |       ||     1
  Use: Scroll            |       |     6 |       ||     6
       Potion            |       |     1 |       ||     1
 Stab: Sleeping          |    17 |    36 |     6 ||    59
       Confused          |       |     1 |     1 ||     2
Armor: Robe              |    25 |    36 |     9 ||    70
Dodge: Dodged            |    63 |   159 |    40 ||   262
